 Dungeon Crawl Stone Soup version 0.31-a0-844-gdc52ec4e09 (console) character file.

Game seed: 14750085219763221249

25263 jejorda2 the Cleaver (level 13, -8/156 HPs)
             Began as a Gnoll Berserker on Sept 28, 2023.
             Was an Elder of Trog.
             Killed from afar by an ice statue (28 damage)
             ... with a bolt of cold
             ... in an ice cave.
             The game lasted 00:31:28 (9460 turns).

jejorda2 the Cleaver (Gnoll Berserker)              Turns: 9460, Time: 00:31:29

Health: -8/156     AC: 21    Str: 21    XL:     13   Next: 18%
Magic:  25/25      EV:  9    Int:  8    God:    Trog [****..]
Gold:   607        SH:  0    Dex: 11    Spells: 28/28 levels left

rFire   . . .        a - +7 battleaxe
rCold   . . .        (shield currently unavailable)
rNeg    . . .        t - +0 plate armour
rPois   .            (no helmet)
rElec   .            A - +2 cloak
rCorr   .            (no gloves)
SInv    .            (no boots)
Will    .....        v - amulet of regeneration Stlth
                     J - ring of flight
HPRegen 1.26/turn    K - +4 ring of protection
MPRegen 0.19/turn

%: no passive effects
@: berserking (expiring), flying, very quick
A: fangs 1, strong nose, distributed training
a: Renounce Religion, Berserk, Trog's Hand, Brothers in Arms


You were in an ice cave.
You worshipped Trog.
Trog was greatly pleased with you.
You visited 2 branches of the dungeon, and saw 12 of its levels.
You also visited: Sewer, Bailey and Ice Cave.

You collected 705 gold pieces.
You spent 98 gold pieces at shops.

Inventory:

Hand Weapons
 a - a +7 battleaxe (weapon)
 b - a +2 hand axe of flaming
 z - a +0 war axe
 B - a +4 trident
Missiles
 j - 9 javelins
 m - 3 throwing nets
 r - 16 boomerangs (quivered)
 s - 25 poisoned darts
 y - a curare-tipped dart
 L - 5 atropa-tipped darts
Armour
 t - a +0 plate armour (worn)
 A - a +2 cloak (worn)
Jewellery
 v - an amulet of regeneration (around neck)
 J - a ring of flight (left hand)
 K - a +4 ring of protection (right hand)
Wands
 c - a wand of iceblast (3)
 e - a wand of paralysis (10)
 D - a wand of polymorph (3)
 H - a wand of digging (5)
 I - a wand of flame (8)
Scrolls
 f - 4 scrolls of teleportation
 g - a scroll of enchant weapon
 k - 4 scrolls of fog
 n - a scroll of enchant armour
 p - 3 scrolls of blinking
 x - 8 scrolls of poison
 N - 2 scrolls of identify
Potions
 d - 3 potions of heal wounds
 h - a potion of resistance
 i - 2 potions of attraction {unknown}
 l - 3 potions of invisibility
 o - 3 potions of enlightenment
 q - 2 potions of curing
 u - 2 potions of ambrosia
 w - a potion of mutation {unknown}
 C - a potion of brilliance {unknown}
 E - 2 potions of might {unknown}
 F - a potion of cancellation {unknown}
 G - a potion of lignification {unknown}
 M - a potion of magic {unknown}
 O - a potion of haste


   Skills:
 + Level 10.6 Fighting
 + Level 8.2 Short Blades
 + Level 8.2 Long Blades
 + Level 10.6 Axes
 + Level 8.2 Maces & Flails
 + Level 8.2 Polearms
 + Level 8.2 Staves
 + Level 8.2 Ranged Weapons
 + Level 8.2 Throwing
 + Level 9.5 Armour
 + Level 9.5 Dodging
 + Level 8.2 Stealth
 + Level 8.2 Shields
 + Level 8.2 Unarmed Combat
 + Level 8.2 Spellcasting
 + Level 6.9 Conjurations
 + Level 6.9 Hexes
 + Level 6.9 Summonings
 + Level 6.9 Necromancy
 + Level 6.9 Translocations
 + Level 6.9 Transmutations
 + Level 6.9 Fire Magic
 + Level 6.9 Ice Magic
 + Level 6.9 Air Magic
 + Level 6.9 Earth Magic
 + Level 6.9 Poison Magic
 + Level 9.0 Invocations
 + Level 8.2 Evocations
 + Level 7.5 Shapeshifting


You had 28 spell levels left.
You didn't know any spells.
Your spell library was empty.

Dungeon Overview and Level Annotations

Branches:
Dungeon (11/15)            Temple (0/1) D:7            Lair (1/5) D:11
    Orc (0/2) D:10          Sewer (visited)          Bailey (visited)
  IceCv (1/1)

Altars:
Ashenzari
Cheibriados
Gozag
Nemelex Xobeh
Okawaru
Vehumet

Shops:
D:1 *   D:5 (   D:8 :

Annotations:
IceCv exclusion: 3 ice statues


Innate Abilities, Weirdness & Mutations

You have very sharp teeth.
Your uncanny sense of smell can sniff out nearby items.
Your experience applies equally to all skills.


Message History

The ice statue gestures at you. The bolt of cold hits you!!
The ice statue gestures. x2
Your ogre is engulfed in freezing vapours.
Your ogre dies!
Your ogre's corpse disappears in a puff of smoke!
You are engulfed in freezing vapours.
The ice statue gestures.
The ice statue gestures at you. The shard of ice hits you!!
The ice statue gestures at you.
The bolt of cold hits the ice beast.
The ice beast completely resists.
The bolt of cold hits you!!
* * * LOW HITPOINT WARNING * * *
The bolt of cold hits the ice statue.
The ice statue completely resists.
A red film seems to cover your vision as you go berserk!
You feel yourself moving faster!
You feel mighty!
You are engulfed in freezing vapours.
* * * LOW HITPOINT WARNING * * *
The ice beast closely misses you.
You barely miss the ice statue. You slash the ice beast! x2
You are engulfed in freezing vapours.
The ice beast misses you.
You slash the ice statue!
The ice statue is lightly damaged.
You hit the ice beast. You slash the ice beast!
You kill the ice beast!
The ice beast disappears in a puff of smoke!
You are engulfed in freezing vapours.
* * * LOW HITPOINT WARNING * * *
The ice beast hits you but does no damage.
You hit the ice statue.
The ice statue is lightly damaged.
You barely miss the ice beast.
The ice statue gestures.
The ice beast hits you but does no damage.
The ice beast closely misses you.
You feel a strong urge to attack something.
The ice statue gestures at you.
The bolt of cold hits the ice beast.
The ice beast completely resists.
The bolt of cold hits you!!
You die...

##.##
##...##
##.....##
#.......#
#.......#
#.......#
#$......#
#$$...[.#
####@####
#......8#
#.....YY#
#.....Y.#
#.......#
#......8#
##.....##
##...##
##8##


You could see 2 ice statues and 3 ice beasts.

Vanquished Creatures
  An orc warlord (Bailey)
  Erolcha (D:9)
  2 manticores (D:11)
  An elephant (D:11)
  3 black mambas (Lair:1)
  A cane toad (Lair:1)
  3 komodo dragons
  2 freezing wraiths
  3 trolls
  2 shadows (D:10)
  8 yaks (D:10)
  A vampire (D:11)
  3 wyverns
  A dire elephant simulacrum (IceCv)
  2 death yak simulacra (IceCv)
  2 basilisks (D:11)
  2 steam dragons
  6 vampire mosquitoes
  2 acid dragons
  6 water moccasins
  A black bear (D:7)
  2 ice beasts
  8 orc warriors
  5 wolves (Lair:1)
  3 ogres
  2 centaurs
  2 phantoms (D:5)
  3 kobold brigands
  2 gnoll sergeants
  2 bullfrogs
  A cane toad simulacrum (IceCv)
  A scorpion (D:5)
  4 wights (D:8)
  14 killer bees
  A troll zombie (D:10)
  A howler monkey (D:10)
  6 orc priests
  A gnoll bouda (D:8)
  9 iguanas
  9 orc wizards
  2 polar bear simulacra (IceCv)
  7 ogre zombies (D:10)
  2 river rats (D:3)
  10 adders
  19 gnolls
  A shadow imp (D:6)
  12 white imps (Lair:1)
  An ufetubus (D:7)
  7 worms
  A dart slug (D:1)
  35 orcs
  10 endoplasms
  14 giant cockroaches
  8 goblins
  4 hobgoblins
  3 jackals (D:2)
  30 kobolds
  11 quokkas
  15 ball pythons
  5 bats
  6 frilled lizards
  A goblin skeleton (D:10)
  3 goblin zombies (D:10)
  A hobgoblin zombie (D:10)
  2 orc skeletons (D:10)
  18 orc zombies (D:10)
  6 rats
363 creatures vanquished.

Notes
Turn   | Place    | Note
-------+----------+-------------------------------------------
     0 | D:1      | jejorda2 the Gnoll Berserker began the quest for the Orb.
     0 | D:1      | Reached XP level 1. HP: 23/23 MP: 1/1
     5 | D:1      | Found Gisim's Assorted Antiques.
   139 | D:1      | Reached XP level 2. HP: 23/29 MP: 2/2
   360 | D:1      | Reached XP level 3. HP: 31/35 MP: 3/3
   509 | D:2      | Reached skill level 1 in Invocations
   547 | D:2      | Identified the +3 kite shield "Liekist" {rF- rC+ Dex+3}
   556 | D:2      | Reached skill level 1 in Short Blades
   556 | D:2      | Reached skill level 1 in Long Blades
   556 | D:2      | Reached skill level 1 in Maces & Flails
   556 | D:2      | Reached skill level 1 in Polearms
   556 | D:2      | Reached skill level 1 in Staves
   556 | D:2      | Reached skill level 1 in Ranged Weapons
   556 | D:2      | Reached skill level 1 in Throwing
   556 | D:2      | Reached skill level 1 in Stealth
   556 | D:2      | Reached skill level 1 in Shields
   556 | D:2      | Reached skill level 1 in Unarmed Combat
   556 | D:2      | Reached skill level 1 in Spellcasting
   556 | D:2      | Reached skill level 1 in Evocations
   556 | D:2      | Reached ** piety under Trog
   691 | D:2      | Reached XP level 4. HP: 40/41 MP: 5/5
   721 | D:2      | Reached skill level 1 in Shapeshifting
   977 | D:2      | Reached skill level 1 in Conjurations
   977 | D:2      | Reached skill level 1 in Hexes
   977 | D:2      | Reached skill level 1 in Summonings
   977 | D:2      | Reached skill level 1 in Necromancy
   977 | D:2      | Reached skill level 1 in Translocations
   977 | D:2      | Reached skill level 1 in Transmutations
   977 | D:2      | Reached skill level 1 in Fire Magic
   977 | D:2      | Reached skill level 1 in Ice Magic
   977 | D:2      | Reached skill level 1 in Air Magic
   977 | D:2      | Reached skill level 1 in Earth Magic
   977 | D:2      | Reached skill level 1 in Poison Magic
  1121 | D:3      | Reached XP level 5. HP: 43/47 MP: 5/7
  1125 | D:3      | Found a glowing drain.
  1130 | Sewer    | Entered a sewer
  1273 | Sewer    | Reached *** piety under Trog
  1405 | Sewer    | Reached XP level 6. HP: 39/53 MP: 8/8
  1408 | Sewer    | Identified the +2 leather armour of Tomorrow {rPois rF-
                  | rC+}
  1594 | D:3      | Reached skill level 5 in Armour
  1594 | D:3      | Reached skill level 5 in Dodging
  1935 | D:1      | Bought a grey potion for 23 gold pieces
  1935 | D:1      | Bought a scroll labelled LUZOKL VAAHIU for 26 gold pieces
  1935 | D:1      | Bought a scroll labelled LUZOKL VAAHIU for 26 gold pieces
  1935 | D:1      | Bought a lumpy clear potion for 23 gold pieces
  2479 | D:4      | Reached XP level 7. HP: 60/60 MP: 10/10
  2729 | D:5      | Entered Level 5 of the Dungeon
  2892 | D:5      | Reached XP level 8. HP: 65/67 MP: 12/12
  2901 | D:5      | Reached **** piety under Trog
  2947 | D:5      | Found a radiant altar of Vehumet.
  3243 | D:5      | Found Qapnu's Antique Weapon Boutique.
  3361 | D:6      | Identified the +3 sling of the Spider Nest {freeze, rC+ rN+
                  | Int+3}
  4357 | D:7      | Found a sparkling altar of Nemelex Xobeh.
  4357 | D:7      | Found an opulent altar of Gozag.
  4375 | D:7      | Found an iron altar of Okawaru.
  4439 | D:7      | Reached XP level 9. HP: 34/73 MP: 14/14
  4835 | D:7      | Found a staircase to the Ecumenical Temple.
  5078 | D:7      | Found a snail-covered altar of Cheibriados.
  5080 | D:7      | Found a faded altar of an unknown god.
  5363 | D:8      | Reached skill level 5 in Invocations
  5375 | D:8      | Found a flagged portal.
  5376 | D:8      | Found Hymusuy's Book Boutique.
  5421 | Bailey   | Entered a bailey
  5433 | Bailey   | Noticed an orc warlord
  5571 | Bailey   | Found a runed translucent gate.
  5573 | Bailey   | Found a runed translucent gate.
  5575 | Bailey   | Found a runed translucent gate.
  5590 | Bailey   | Reached XP level 10. HP: 70/80 MP: 17/17
  5640 | Bailey   | Reached skill level 5 in Conjurations
  5640 | Bailey   | Reached skill level 5 in Hexes
  5640 | Bailey   | Reached skill level 5 in Summonings
  5640 | Bailey   | Reached skill level 5 in Necromancy
  5640 | Bailey   | Reached skill level 5 in Translocations
  5640 | Bailey   | Reached skill level 5 in Transmutations
  5640 | Bailey   | Reached skill level 5 in Fire Magic
  5640 | Bailey   | Reached skill level 5 in Ice Magic
  5640 | Bailey   | Reached skill level 5 in Air Magic
  5640 | Bailey   | Reached skill level 5 in Earth Magic
  5640 | Bailey   | Reached skill level 5 in Poison Magic
  5640 | Bailey   | Reached skill level 5 in Shapeshifting
  5640 | Bailey   | Reached XP level 11. HP: 89/89 MP: 17/20
  5704 | Bailey   | Killed an orc warlord
  5781 | Bailey   | Reached XP level 12. HP: 97/97 MP: 20/22
  5782 | Bailey   | Identified the +0 robe "Axunwaum" {rElec Dex+4}
  6558 | D:9      | Noticed Erolcha
  6567 | D:9      | Killed Erolcha
  6763 | D:9      | Reached skill level 10 in Fighting
  6763 | D:9      | Reached skill level 10 in Axes
  7111 | D:10     | Entered Level 10 of the Dungeon
  7286 | D:10     | Found a broken altar of Ashenzari.
  7727 | D:10     | Found a staircase to the Orcish Mines.
  7755 | D:10     | Reached ***** piety under Trog
  8635 | D:11     | Found a staircase to the Lair.
  9017 | Lair:1   | Entered Level 1 of the Lair of Beasts
  9043 | Lair:1   | Reached XP level 13. HP: 78/104 MP: 25/25
  9237 | Lair:1   | Found a frozen archway.
  9272 | IceCv    | Entered an ice cave
  9460 | IceCv    | Killed from afar by an ice statue

Illustrated notes

Levels and vault maps discovered:
D:1:      dpeg_arrival_simpleton_c, layout_basic, serial_shops, shop,
          minmay_split_cup_large
D:2:      layout_rooms, patterned_corridor
D:3:      layout_rooms, lightli_sewer_entry_pipes
D:4:      layout_basic
D:5:      layout_rooms, vehumet_crystals, serial_shops,
          nicolae_shop_behind_doors
D:6:      layout_loops_ring
D:7:      layout_cave_pools, chequers_temple_overflow_minitemple,
          minmay_temple_entry_slanted
D:8:      layout_gridville, serial_shops,
          nicolae_shop_temple_entry_statues_fountains, enter_bailey_2
D:9:      layout_grid_maze, uniq_erolcha
D:10:     layout_stronghold, mainiacjoe_overflow_six_doors_small,
          zombieorc2_lemuel, st_stairs_6
D:11:     layout_irregular_city, david_lair_generic, hangedman_decor_push
Lair:1:   lemuel_slime, layout_cave_pods, portal_ice_cave_entry_imps,
          grunt_megastairs_2
IceCv:    ice_cave_statue_garden_chambered

Skill      XL: |  1  2  3  4  5  6  7  8  9 10 11 12 13 |
---------------+----------------------------------------+-----
Invocations    | 1 2 3 4 5 6 7 8 9 |  9.0
Short Blades   | 1 2 3 4 6 7 8 |  8.2
Long Blades    | 1 2 3 4 6 7 8 |  8.2
Maces & Flails | 1 2 3 4 6 7 8 |  8.2
Polearms       | 1 2 3 4 6 7 8 |  8.2
Staves         | 1 2 3 4 6 7 8 |  8.2
Ranged Weapons | 1 2 3 4 6 7 8 |  8.2
Throwing       | 1 2 3 4 6 7 8 |  8.2
Stealth        | 1 2 3 4 6 7 8 |  8.2
Shields        | 1 2 3 4 6 7 8 |  8.2
Unarmed Combat | 1 2 3 4 6 7 8 |  8.2
Spellcasting   | 1 2 3 4 6 7 8 |  8.2
Evocations     | 1 2 3 4 6 7 8 |  8.2
Shapeshifting  | 1 2 3 4 5 6 7 |  7.5
Conjurations   | 1 2 3 4 5 6 |  6.9
Hexes          | 1 2 3 4 5 6 |  6.9
Summonings     | 1 2 3 4 5 6 |  6.9
Necromancy     | 1 2 3 4 5 6 |  6.9
Translocations | 1 2 3 4 5 6 |  6.9
Transmutations | 1 2 3 4 5 6 |  6.9
Fire Magic     | 1 2 3 4 5 6 |  6.9
Ice Magic      | 1 2 3 4 5 6 |  6.9
Air Magic      | 1 2 3 4 5 6 |  6.9
Earth Magic    | 1 2 3 4 5 6 |  6.9
Poison Magic   | 1 2 3 4 5 6 |  6.9
Armour         | 5 6 7 8 9 |  9.5
Dodging        | 5 6 7 8 9 |  9.5
Fighting       | 7 8 9 10 | 10.6
Axes           | 7 8 9 10 | 10.6

Action                     |  1- 3 |  4- 6 |  7- 9 | 10-12 | 13-15 || total
---------------------------+-------+-------+-------+-------+-------++-------
  Melee: Hand axe          |   102 |   202 |   110 |       |       ||   414
         Bite              |    10 |    12 |    37 |    41 |    12 ||   112
         Punch             |     1 |       |    13 |     1 |       ||    15
         War axe           |       |       |   234 |    24 |       ||   258
         Battleaxe         |       |       |       |   271 |    94 ||   365
  Throw: Dart              |       |       |       |    12 |       ||    12
         Boomerang         |       |       |       |     6 |       ||     6
 Invoke: Berserk           |     2 |     2 |     7 |     7 |     4 ||    22
         Trog's Hand       |       |     1 |     4 |     7 |     4 ||    16
         Brothers in Arms  |       |       |       |       |     1 ||     1
  Evoke: Wand              |       |       |       |       |     2 ||     2
    Use: Scroll            |       |    12 |     6 |     4 |     1 ||    23
         Potion            |       |       |       |     3 |     1 ||     4
   Stab: Sleeping          |     1 |       |       |       |       ||     1
 Armour: Animal skin       |     9 |       |       |       |       ||     9
         Leather armour    |    35 |       |       |       |       ||    35
         Ring mail         |     9 |    96 |    41 |       |       ||   146
         Scale mail        |       |     2 |   147 |       |       ||   149
         Plate armour      |       |       |   126 |   365 |   108 ||   599
  Dodge: Dodged            |    57 |   102 |   159 |   146 |    52 ||   516

Table legend: (Time is in decaauts)
 A = Elapsed time spent in this place.
 B = Non-inter-level travel time spent in this place.
 C = Inter-level travel time spent in this place.
 D = Time resting spent in this place.
 E = Time spent auto-exploring this place.
 F = Levels seen in this place.
 G = Mean time per level.
                   A        B        C        D        E       F      G
               +--------+--------+--------+--------+--------+-----+--------+
         Total |   9816 |   9259 |    557 |    885 |   5440 |  15 |  654.4 |
       Dungeon |   8530 |   7973 |    557 |    642 |   5287 |  11 |  775.5 |
          Lair |    272 |    272 |      0 |     17 |      0 |   1 |  272.0 |
         Sewer |    356 |    356 |      0 |      0 |     95 |   1 |  356.0 |
        Bailey |    444 |    444 |      0 |    119 |     57 |   1 |  444.0 |
      Ice Cave |    212 |    212 |      0 |    107 |      0 |   1 |  212.0 |
               +--------+--------+--------+--------+--------+-----+--------+

Top non-repeatable levels by time:
     D:6: 1008 daAuts
    D:10: 970 daAuts
    D:11: 947 daAuts
     D:9: 874 daAuts
     D:8: 816 daAuts
     D:4: 787 daAuts
     D:7: 730 daAuts
     D:5: 665 daAuts
     D:2: 615 daAuts
     D:3: 563 daAuts
     D:1: 551 daAuts
  Bailey: 444 daAuts
   Sewer: 356 daAuts
  Lair:1: 272 daAuts
   IceCv: 212 daAuts
